Sharks vs Pirates

Created - Wednesday, October 08, 2014 at 22:30

Goals
1 2 3 OT1 SO T
Sharks 0 0 1 0 2 2
Pirates 0 1 0 0 0 1
Shots
1 2 3 OT1 SO T
Sharks 7 9 5 2 3 23
Pirates 2 13 14 5 2 34

1st period

No Goal

Penalties :
Brendan Mikkelson (WOR) for Interference (Minor) at 3:33

2nd period

1. Pirates , Ryan Stoa 1 (Nick Johnson, Peter Holland) at 12:33

Penalties :
David Steckel (POR) for Fighting (Major) at 14:50, Wade Brookbank (WOR) for Fighting (Major) at 14:50

3rd period

2. Sharks , Mark Barberio 1 (Andrew Ebbett, Luke Glendening) at 12:14 (PP)

Penalties :
Brandon Segal (POR) for Fighting (Major) at 0:34, Joey Mormina (WOR) for Fighting (Major) at 0:34, Ryan Craig (POR) for Fighting (Major) at 2:33, Mike Halmo (WOR) for Fighting (Major) at 2:33, Farm Player10 (POR) for Slashing (Minor) at 12:08

Overtime #1

No Goal

Penalties :
No Penalty

Shootout

Penalty Shot by Luke Glendening for Sharks - Shot Misses the Net
Penalty Shot by Ryan Craig for Pirates - Stopped by Dov Grumet-Morris
Penalty Shot by Tom Kostopoulos for Sharks - Goal!
Penalty Shot by Ryan Stoa for Pirates - Stopped by Dov Grumet-Morris
Penalty Shot by Andrew Ebbett for Sharks - Goal!

Penalties :
No Penalty

Goalie Stats

Dov Grumet-Morris (WOR), 33 saves from 34 shots - (0.971), W, 1-0-0, 65:00 minutes
Malcolm Subban (POR), 22 saves from 23 shots - (0.957), OTL, 0-0-2, 65:00 minutes

Players Stats for Sharks

Player Name              G  A  P  +/- PIM S  H  SB GA TA FO     MP     PP MP  PK MP  
------------------------------------------------------------------------------------
Alexandre Bolduc         0  0  0   0  0   6  1  1  0  0  1/2    19:47   0:06   0:48 
Andrew Ebbett            0  1  1   0  0   4  1  0  5  0  9/16   23:10   0:06   0:22 
Bobby Farnham            0  0  0   0  0   0  2  0  0  0  4/14   18:24   0:00   0:00 
Brendan Mikkelson        0  0  0  -1  2   1  1  2  0  0  0/0    27:56   0:06   0:00 
David van der Gulik      0  0  0  -1  0   1  1  0  3  1  0/0    18:29   0:00   0:00 
Eric Selleck             0  0  0   0  0   0  0  0  0  0  0/0     0:00   0:00   0:00 
Farm Player14            0  0  0   0  0   0  0  0  1  0  0/0    17:24   0:00   0:00 
Joey Mormina             0  0  0   0  5   0  1  1  0  0  0/0    19:21   0:00   1:16 
John Kurtz               0  0  0   0  0   0  0  0  0  0  0/0     0:00   0:00   0:00 
Louis Leblanc            0  0  0  -1  0   0  1  1  1  1  6/12   20:05   0:00   0:00 
Luke Glendening          0  1  1   0  0   2  4  0  0  0  4/5    25:50   0:06   1:11 
Marek Hrivik             0  0  0   0  0   0  0  0  0  0  0/0    16:30   0:00   0:00 
Mark Barberio            1  0  1  -1  0   4  0  3  6  2  0/0    27:35   0:06   0:43 
Mike Halmo               0  0  0   0  5   3  0  1  1  0  1/1    18:57   0:00   0:00 
Patrick McNeill          0  0  0   0  0   1  1  3  0  3  0/0    23:44   0:00   1:59 
Ryan Hamilton            0  0  0   0  0   0  0  0  0  0  0/0     0:00   0:00   0:00 
Tom Kostopoulos          0  0  0  -1  0   0  2  1  0  1  3/6    24:18   0:00   1:37 
Wade Brookbank           0  0  0   0  5   1  0  3  0  1  0/0    16:27   0:00   0:00 

Players Stats for Pirates

Player Name              G  A  P  +/- PIM S  H  SB GA TA FO     MP     PP MP  PK MP  
------------------------------------------------------------------------------------
Aaron Rome               0  0  0   0  0   4  0  1  1  0  0/0    19:37   0:56   0:00 
Andrew Alberts           0  0  0   0  0   0  4  0  0  0  0/0    19:37   0:56   0:00 
Bobby Butler             0  0  0   0  0   3  3  1  0  1  9/15   16:13   0:56   0:06 
Brandon Segal            0  0  0   0  5   0  3  0  0  0  5/9    16:31   1:03   0:00 
David Steckel            0  0  0   0  5   3  2  1  1  3  1/1    15:10   1:03   0:00 
Eric Tangradi            0  0  0   0  0   3  2  0  1  0  0/0    20:57   1:03   0:00 
Farm Player10            0  0  0   0  2   0  0  0  0  0  1/1    10:19   0:00   0:00 
Gilbert Brule            0  0  0   0  0   2  1  0  3  1  2/7    21:03   0:56   0:00 
Hal Gill                 0  0  0   0  0   1  4  3  0  1  0/0    27:58   1:03   0:06 
Henrik Tommernes         0  0  0   1  0   0  0  2  0  2  0/0    17:25   0:00   0:00 
Markus Granlund          0  0  0   0  0   6  5  0  5  0  0/3    20:53   0:00   0:00 
Mike Komisarek           0  0  0   0  0   1  2  4  1  1  0/0    21:32   1:03   0:06 
Nick Johnson             0  1  1   1  0   4  0  0  3  0  1/2     8:58   0:00   0:00 
Peter Holland            0  1  1   1  0   0  0  0  0  0  0/0     8:17   0:00   0:00 
Ryan Craig               0  0  0   0  5   1  1  0  4  0  6/11   15:02   0:00   0:00 
Ryan Stoa                1  0  1   1  0   3  3  0  4  0  3/7    26:09   0:56   0:06 
Tobias Rieder            0  0  0   0  0   1  1  0  1  1  0/0    16:44   0:00   0:00 
Vincent LoVerde          0  0  0   1  0   2  0  1  0  0  0/0    17:25   0:00   0:00 

3 Stars

1 - Dov Grumet-Morris (WOR)
2 - Malcolm Subban (POR)
3 - Ryan Stoa (POR)

Power Play

Sharks - 1 on 1 Attempt(s) - 100.00%
Pirates - 0 on 1 Attempt(s) - 0.00%

Penalty Kill

Sharks - 1 on 1 Attempt(s) - 100.00% - Score 0 goal in Penalty Kill
Pirates - 0 on 1 Attempt(s) - 0.00% - Score 0 goal in Penalty Kill

Official

Referees : Unknown
Linesman : Unknown

Game Notes

Wade Brookbank beats up David Steckel at 14:50 of 2nd period
Joey Mormina beats up Brandon Segal at 0:34 of 3rd period
Ryan Craig beats up Mike Halmo at 2:33 of 3rd period

Finance

Level 1 -- Attendance: 1572 (78.60%) -- Ticket Income $55,020
Level 2 -- Attendance: 785 (78.50%) -- Ticket Income $11,775
Total Attendance: 2357 (78.57%)
Total Ticket Income: $66,795
Other Income: $32,730
Total Income: $99,525

Sharks

5 vs 5 Forward 
   Center                   Left Wing                Right Wing               Time % Phy DF OF 
 1 Andrew Ebbett            Alexandre Bolduc         Luke Glendening          35     1   2  2  
 2 Louis Leblanc            David van der Gulik      Tom Kostopoulos          30     1   2  2  
 3 Bobby Farnham            Mike Halmo               Luke Glendening          22     1   2  2  
 4 Tom Kostopoulos          Marek Hrivik             Andrew Ebbett            13     1   2  2  

5 vs 5 Defense 
   Defense                  Defense                                           Time % Phy DF OF 
 1 Brendan Mikkelson        Mark Barberio                                     35     1   2  2  
 2 Patrick McNeill          Joey Mormina                                      30     1   2  2  
 3 Wade Brookbank           Farm Player14                                     22     1   2  2  
 4 Brendan Mikkelson        Mark Barberio                                     13     1   2  2  

PowerPlay Forward 
   Center                   Left Wing                Right Wing               Time % Phy DF OF 
 1 Andrew Ebbett            Alexandre Bolduc         Luke Glendening          60     1   2  2  
 2 Louis Leblanc            David van der Gulik      Tom Kostopoulos          40     1   2  2  

PowerPlay Defense
   Defense                  Defense                                           Time % Phy DF OF 
 1 Brendan Mikkelson        Mark Barberio                                     60     1   2  2  
 2 Patrick McNeill          Joey Mormina                                      40     1   2  2  

Penalty Kill 4 Players Forward 
   Center                   Wing                     Time % Phy DF OF 
 1 Luke Glendening          Tom Kostopoulos          60     1   2  2  
 2 Andrew Ebbett            Alexandre Bolduc         40     1   2  2  

Penalty Kill 4 Players Defense
   Defense                  Defense                  Time % Phy DF OF 
 1 Brendan Mikkelson        Mark Barberio            60     1   2  2  
 2 Patrick McNeill          Joey Mormina             40     1   2  2  

Penalty Kill - 3 Players Forward 
   Forward                                           Time % Phy DF OF 
 1 Luke Glendening                                   60     1   2  2  
 2 Tom Kostopoulos                                   40     1   2  2  

Penalty Kill - 3 Players Defense
   Defense                  Defense                  Time % Phy DF OF 
 1 Brendan Mikkelson        Mark Barberio            60     1   2  2  
 2 Patrick McNeill          Joey Mormina             40     1   2  2  

4 vs 4 Forward 
   Center                   Wing                     Time % Phy DF OF 
 1 Luke Glendening          Tom Kostopoulos          60     1   2  2  
 2 Andrew Ebbett            Alexandre Bolduc         40     1   2  2  

4 vs 4 Defense
   Defense                  Defense                  Time % Phy DF OF 
 1 Brendan Mikkelson        Mark Barberio            60     1   2  2  
 2 Patrick McNeill          Joey Mormina             40     1   2  2  

Last Minutes Offensive
   Center                   Left Wing                Right Wing               Defense                  Defense                  
   Andrew Ebbett            Alexandre Bolduc         Luke Glendening          Brendan Mikkelson        Mark Barberio            

Last Minutes Defensive
   Center                   Left Wing                Right Wing               Defense                  Defense                  
   Andrew Ebbett            Alexandre Bolduc         Luke Glendening          Brendan Mikkelson        Mark Barberio            

Goaltenders
Starting : Dov Grumet-Morris        
Backup : Aaron Dell               

Extra Forwards
Normal : Mike Halmo, Marek Hrivik, Bobby Farnham - PP : Mike Halmo, Marek Hrivik - PK : Bobby Farnham
Extra Defensemen
Normal : Wade Brookbank, Farm Player14, Patrick McNeill - PP : Wade Brookbank - PK : Farm Player14, Patrick McNeill
Penalty Shots
Luke Glendening, Tom Kostopoulos, Andrew Ebbett, Alexandre Bolduc, Louis Leblanc

Pirates

5 vs 5 Forward 
   Center                   Left Wing                Right Wing               Time % Phy DF OF 
 1 Bobby Butler             Ryan Stoa                David Steckel            35     1   2  2  
 2 Brandon Segal            Eric Tangradi            Gilbert Brule            30     1   2  2  
 3 Ryan Craig               Tobias Rieder            Markus Granlund          22     1   2  2  
 4 Ryan Stoa                Peter Holland            Nick Johnson             13     1   2  2  

5 vs 5 Defense 
   Defense                  Defense                                           Time % Phy DF OF 
 1 Hal Gill                 Mike Komisarek                                    35     1   2  2  
 2 Aaron Rome               Andrew Alberts                                    30     1   2  2  
 3 Vincent LoVerde          Henrik Tommernes                                  22     1   2  2  
 4 Farm Player10            Hal Gill                                          13     1   2  2  

PowerPlay Forward 
   Center                   Left Wing                Right Wing               Time % Phy DF OF 
 1 Bobby Butler             Ryan Stoa                Gilbert Brule            60     1   2  2  
 2 Brandon Segal            Eric Tangradi            David Steckel            40     1   2  2  

PowerPlay Defense
   Defense                  Defense                                           Time % Phy DF OF 
 1 Hal Gill                 Mike Komisarek                                    60     1   2  2  
 2 Andrew Alberts           Aaron Rome                                        40     1   2  2  

Penalty Kill 4 Players Forward 
   Center                   Wing                     Time % Phy DF OF 
 1 Bobby Butler             Ryan Stoa                60     1   2  2  
 2 Eric Tangradi            Gilbert Brule            40     1   2  2  

Penalty Kill 4 Players Defense
   Defense                  Defense                  Time % Phy DF OF 
 1 Hal Gill                 Mike Komisarek           60     1   2  2  
 2 Henrik Tommernes         Andrew Alberts           40     1   2  2  

Penalty Kill - 3 Players Forward 
   Forward                                           Time % Phy DF OF 
 1 Eric Tangradi                                     60     1   2  2  
 2 Ryan Stoa                                         40     1   2  2  

Penalty Kill - 3 Players Defense
   Defense                  Defense                  Time % Phy DF OF 
 1 Hal Gill                 Aaron Rome               60     1   2  2  
 2 Farm Player10            Mike Komisarek           40     1   2  2  

4 vs 4 Forward 
   Center                   Wing                     Time % Phy DF OF 
 1 Gilbert Brule            Ryan Stoa                60     1   2  2  
 2 Eric Tangradi            Bobby Butler             40     1   2  2  

4 vs 4 Defense
   Defense                  Defense                  Time % Phy DF OF 
 1 Mike Komisarek           Hal Gill                 60     1   2  2  
 2 Vincent LoVerde          Henrik Tommernes         40     1   2  2  

Last Minutes Offensive
   Center                   Left Wing                Right Wing               Defense                  Defense                  
   Bobby Butler             Ryan Stoa                Gilbert Brule            Hal Gill                 Mike Komisarek           

Last Minutes Defensive
   Center                   Left Wing                Right Wing               Defense                  Defense                  
   Bobby Butler             Ryan Stoa                Gilbert Brule            Hal Gill                 Mike Komisarek           

Goaltenders
Starting : Malcolm Subban           
Backup : Mike McKenna             

Extra Forwards
Normal : Ryan Stoa, Eric Tangradi, Markus Granlund - PP : Ryan Stoa, Eric Tangradi - PK : Ryan Stoa
Extra Defensemen
Normal : Vincent LoVerde, Farm Player10, Hal Gill - PP : Mike Komisarek - PK : Aaron Rome, Hal Gill
Penalty Shots
Ryan Craig, Ryan Stoa, Eric Tangradi, Tobias Rieder, Peter Holland

% Time on Ice - Sharks

Lines # - Real PCT - Wanted PCT - Time Play
Normal Forward
1 - 30% - 35% - 17:21
2 - 32% - 30% - 18:29
3 - 27% - 22% - 15:24
4 - 12% - 13% - 6:41
Normal Defense
1 - 31% - 35% - 17:57
2 - 33% - 30% - 19:15
3 - 26% - 22% - 14:54
4 - 10% - 13% - 5:49
PP Forward
1 - 100% - 60% - 0:06
2 - 0% - 40% - 0:00
PP Defense
1 - 100% - 60% - 0:06
2 - 0% - 40% - 0:00
PK Forward
1 - 82% - 60% - 1:37
2 - 18% - 40% - 0:22
PK Defense
1 - 36% - 60% - 0:43
2 - 64% - 40% - 1:16
PK3 Forward
1 - 0% - 60%
2 - 0% - 40%
PK3 Defense
1 - 0% - 60%
2 - 0% - 40%
44 Forward
1 - 83% - 60% - 4:10
2 - 17% - 40% - 0:50
44 Defense
1 - 60% - 60% - 3:00
2 - 40% - 40% - 2:00
Last Minute Offensive  - 0:00
Last Minute Defensive  - 0:00
Total
Forward - 65:00
Defense - 65:00

% Time on Ice - Pirates

Lines # - Real PCT - Wanted PCT - Time Play
Normal Forward
1 - 26% - 35% - 15:11
2 - 31% - 30% - 17:43
3 - 29% - 22% - 16:44
4 - 14% - 13% - 8:17
Normal Defense
1 - 30% - 35% - 17:29
2 - 32% - 30% - 18:41
3 - 26% - 22% - 15:19
4 - 11% - 13% - 6:26
PP Forward
1 - 47% - 60% - 0:56
2 - 53% - 40% - 1:03
PP Defense
1 - 53% - 60% - 1:03
2 - 47% - 40% - 0:56
PK Forward
1 - 100% - 60% - 0:06
2 - 0% - 40% - 0:00
PK Defense
1 - 100% - 60% - 0:06
2 - 0% - 40% - 0:00
PK3 Forward
1 - 0% - 60%
2 - 0% - 40%
PK3 Defense
1 - 0% - 60%
2 - 0% - 40%
44 Forward
1 - 100% - 60% - 5:00
2 - 0% - 40% - 0:00
44 Defense
1 - 58% - 60% - 2:54
2 - 42% - 40% - 2:06
Last Minute Offensive  - 0:00
Last Minute Defensive  - 0:00
Total
Forward - 65:00
Defense - 65:00

Play by Play

1st period


0:01 of 1st period - Andrew Ebbett wins face-off versus Bobby Butler in neutral zone.
0:24 of 1st period - Wrist shot by Andrew Ebbett.
0:24 of 1st period - Deflect By Alexandre Bolduc.
0:24 of 1st period - Shot Misses the Net.
0:24 of 1st period - Puck is out of play.
0:25 of 1st period - Brandon Segal wins face-off versus Louis Leblanc in Pirates zone.
0:33 of 1st period - Off-side.
0:34 of 1st period - Brandon Segal wins face-off versus Louis Leblanc in neutral zone.
1:03 of 1st period - Slapshot by David van der Gulik.
1:03 of 1st period - Stopped by Malcolm Subban without a rebound.
1:04 of 1st period - Mike Halmo wins face-off versus Markus Granlund in Pirates zone.
1:21 of 1st period - Off-side.
1:22 of 1st period - Ryan Craig wins face-off versus Bobby Farnham in neutral zone.
1:29 of 1st period - Slapshot by Tobias Rieder.
1:29 of 1st period - Shot Blocked by Wade Brookbank.
2:56 of 1st period - Snap shot by Eric Tangradi.
2:56 of 1st period - Deflect By Gilbert Brule.
2:56 of 1st period - Shot Misses the Net.
2:56 of 1st period - Puck is out of play.
2:57 of 1st period - Tom Kostopoulos wins face-off versus Ryan Stoa in Sharks zone.
2:57 of 1st period - Tom Kostopoulos is hit by Andrew Alberts.
3:33 of 1st period - Minor Penalty to Brendan Mikkelson for Interference.
3:34 of 1st period - Brandon Segal wins face-off versus Luke Glendening in Sharks zone.
3:37 of 1st period - Wrist shot by Eric Tangradi.
3:37 of 1st period - Deflect By David Steckel.
3:37 of 1st period - Stopped by Dov Grumet-Morris with a rebound.
5:24 of 1st period - Tom Kostopoulos is hit by Bobby Butler and loses puck.
5:33 of 1st period - Penalty to Brendan Mikkelson is over, Brendan Mikkelson is back on ice.
7:05 of 1st period - Hal Gill is hit by Louis Leblanc.
7:19 of 1st period - Louis Leblanc is hit by Hal Gill and loses puck.
7:42 of 1st period - Snap shot by Alexandre Bolduc.
7:42 of 1st period - Stopped by Malcolm Subban with a rebound.
7:44 of 1st period - Slapshot by Alexandre Bolduc.
7:44 of 1st period - Stopped by Malcolm Subban without a rebound.
7:45 of 1st period - Gilbert Brule wins face-off versus Andrew Ebbett in Pirates zone.
8:15 of 1st period - Icing by Andrew Ebbett.
8:16 of 1st period - Andrew Ebbett wins face-off versus Bobby Butler in Sharks zone.
8:27 of 1st period - Wrist shot by Mike Halmo.
8:27 of 1st period - Stopped by Malcolm Subban with a rebound.
8:29 of 1st period - Snap shot by Wade Brookbank.
8:29 of 1st period - Deflect By Luke Glendening.
8:29 of 1st period - Shot Misses the Net.
8:29 of 1st period - Puck is out of play.
8:30 of 1st period - Ryan Stoa wins face-off versus Bobby Farnham in Pirates zone.
10:20 of 1st period - Brendan Mikkelson is hit by Ryan Stoa.
10:55 of 1st period - Andrew Alberts is hit by Bobby Farnham and loses puck.
11:31 of 1st period - Snap shot by Nick Johnson.
11:31 of 1st period - Stopped by Dov Grumet-Morris without a rebound.
11:32 of 1st period - Louis Leblanc wins face-off versus Markus Granlund in Sharks zone.
11:43 of 1st period - Nick Johnson is hit by Luke Glendening and loses puck.
12:45 of 1st period - Brendan Mikkelson is hit by Andrew Alberts and loses puck.
12:57 of 1st period - Off-side.
12:58 of 1st period - Ryan Craig wins face-off versus Bobby Farnham in neutral zone.
14:19 of 1st period - Mark Barberio is hit by Markus Granlund and loses puck.
14:30 of 1st period - Wrist shot by Ryan Craig.
14:30 of 1st period - Shot Misses the Net.
14:32 of 1st period - Slapshot by Andrew Alberts.
14:32 of 1st period - Shot Misses the Net.
15:09 of 1st period - Off-side.
15:10 of 1st period - Bobby Butler wins face-off versus Bobby Farnham in neutral zone.
15:49 of 1st period - Tom Kostopoulos is hit by Mike Komisarek and loses puck.
16:19 of 1st period - Backhand shot by Mike Halmo.
16:19 of 1st period - Stopped by Malcolm Subban with a rebound.
16:21 of 1st period - Slapshot by Mark Barberio.
16:21 of 1st period - Deflect By Ryan Craig.
16:21 of 1st period - Stopped by Malcolm Subban without a rebound.
16:22 of 1st period - Ryan Craig wins face-off versus Bobby Farnham in Pirates zone.
16:51 of 1st period - Snap shot by Andrew Ebbett.
16:51 of 1st period - Deflect By Marek Hrivik.
16:51 of 1st period - Shot Blocked by Bobby Butler.
16:51 of 1st period - Puck is out of play.
16:52 of 1st period - Andrew Ebbett wins face-off versus Bobby Butler in Pirates zone.
18:09 of 1st period - Snap shot by Andrew Ebbett.
18:09 of 1st period - Stopped by Malcolm Subban without a rebound.
18:10 of 1st period - Andrew Ebbett wins face-off versus Ryan Craig in Pirates zone.
Goals for this period are 0 for Sharks vs 0 for Pirates.
Shots for this period are 7 for Sharks vs 2 for Pirates.

2nd period


0:01 of 2nd period - David Steckel wins face-off versus Andrew Ebbett in neutral zone.
0:03 of 2nd period - Off-side.
0:04 of 2nd period - Bobby Butler wins face-off versus Andrew Ebbett in neutral zone.
0:32 of 2nd period - Snap shot by Bobby Butler.
0:32 of 2nd period - Stopped by Dov Grumet-Morris without a rebound.
0:33 of 2nd period - Brandon Segal wins face-off versus Louis Leblanc in Sharks zone.
0:43 of 2nd period - Tom Kostopoulos is hit by Gilbert Brule and loses puck.
1:01 of 2nd period - Wrist shot by Gilbert Brule.
1:01 of 2nd period - Shot Misses the Net.
1:03 of 2nd period - Wrist shot by Andrew Alberts.
1:03 of 2nd period - Shot Blocked by Patrick McNeill.
1:13 of 2nd period - Gilbert Brule is hit by Tom Kostopoulos and loses puck.
1:26 of 2nd period - Luke Glendening is hit by Tobias Rieder and loses puck.
1:33 of 2nd period - Andrew Ebbett is hit by Markus Granlund and loses puck.
1:42 of 2nd period - Snap shot by Alexandre Bolduc.
1:42 of 2nd period - Stopped by Malcolm Subban with a rebound.
1:58 of 2nd period - Luke Glendening is hit by Ryan Craig and loses puck.
2:09 of 2nd period - Andrew Ebbett is hit by Hal Gill and loses puck.
2:20 of 2nd period - Snap shot by Ryan Stoa.
2:20 of 2nd period - Shot Hit the Post.
2:22 of 2nd period - Snap shot by Hal Gill.
2:22 of 2nd period - Deflect By Andrew Ebbett.
2:22 of 2nd period - Stopped by Dov Grumet-Morris with a rebound.
2:24 of 2nd period - Snap shot by Bobby Butler.
2:24 of 2nd period - Stopped by Dov Grumet-Morris with a rebound.
2:43 of 2nd period - Icing by Louis Leblanc.
2:44 of 2nd period - Louis Leblanc wins face-off versus Ryan Stoa in Sharks zone.
3:02 of 2nd period - Icing by Tom Kostopoulos.
3:03 of 2nd period - Nick Johnson wins face-off versus Louis Leblanc in Sharks zone.
3:22 of 2nd period - Snap shot by Mike Halmo.
3:22 of 2nd period - Shot Blocked by Henrik Tommernes.
3:28 of 2nd period - Wrist shot by Mike Halmo.
3:28 of 2nd period - Stopped by Malcolm Subban with a rebound.
3:30 of 2nd period - Snap shot by Mike Halmo.
3:30 of 2nd period - Shot Blocked by Henrik Tommernes.
5:03 of 2nd period - Icing by Farm Player10.
5:04 of 2nd period - Ryan Craig wins face-off versus Andrew Ebbett in Pirates zone.
5:21 of 2nd period - Andrew Ebbett is hit by Markus Granlund and loses puck.
5:26 of 2nd period - Wrist shot by Ryan Craig.
5:26 of 2nd period - Shot Blocked by Wade Brookbank.
5:28 of 2nd period - Snap shot by Markus Granlund.
5:28 of 2nd period - Stopped by Dov Grumet-Morris without a rebound.
5:29 of 2nd period - Louis Leblanc wins face-off versus Brandon Segal in Sharks zone.
5:51 of 2nd period - Snap shot by Gilbert Brule.
5:51 of 2nd period - Shot Misses the Net.
5:53 of 2nd period - Slapshot by Brandon Segal.
5:53 of 2nd period - Shot Misses the Net.
6:27 of 2nd period - Wrist shot by Andrew Ebbett.
6:27 of 2nd period - Stopped by Malcolm Subban with a rebound.
6:49 of 2nd period - Wrist shot by Andrew Ebbett.
6:49 of 2nd period - Shot Misses the Net.
7:18 of 2nd period - Snap shot by Markus Granlund.
7:18 of 2nd period - Stopped by Dov Grumet-Morris with a rebound.
7:20 of 2nd period - Wrist shot by Ryan Craig.
7:20 of 2nd period - Stopped by Dov Grumet-Morris without a rebound.
7:21 of 2nd period - Louis Leblanc wins face-off versus Ryan Craig in Sharks zone.
7:30 of 2nd period - Slapshot by Ryan Craig.
7:30 of 2nd period - Shot Misses the Net.
7:32 of 2nd period - Snap shot by Ryan Craig.
7:32 of 2nd period - Shot Misses the Net.
7:34 of 2nd period - Slapshot by Hal Gill.
7:34 of 2nd period - Deflect By Ryan Craig.
7:34 of 2nd period - Shot Misses the Net.
7:34 of 2nd period - Puck is out of play.
7:35 of 2nd period - Louis Leblanc wins face-off versus Brandon Segal in Sharks zone.
7:58 of 2nd period - Icing by Tom Kostopoulos.
7:59 of 2nd period - Ryan Craig wins face-off versus Louis Leblanc in Sharks zone.
8:14 of 2nd period - Snap shot by Andrew Ebbett.
8:14 of 2nd period - Shot Misses the Net.
8:16 of 2nd period - Snap shot by Mark Barberio.
8:16 of 2nd period - Stopped by Malcolm Subban without a rebound.
8:17 of 2nd period - Ryan Craig wins face-off versus Andrew Ebbett in Pirates zone.
9:10 of 2nd period - Slapshot by Mark Barberio.
9:10 of 2nd period - Deflect By Luke Glendening.
9:10 of 2nd period - Shot Blocked by Vincent LoVerde.
9:10 of 2nd period - Puck is out of play.
9:11 of 2nd period - Bobby Butler wins face-off versus Bobby Farnham in Pirates zone.
9:40 of 2nd period - Slapshot by Mike Komisarek.
9:40 of 2nd period - Shot Blocked by Mark Barberio.
9:42 of 2nd period - Snap shot by Ryan Stoa.
9:42 of 2nd period - Shot Blocked by Mark Barberio.
12:06 of 2nd period - David van der Gulik is hit by Bobby Butler and loses puck.
12:31 of 2nd period - Snap shot by Nick Johnson.
12:31 of 2nd period - Stopped by Dov Grumet-Morris with a rebound.
12:33 of 2nd period - Snap shot by Ryan Stoa.
12:33 of 2nd period - Goal by Ryan Stoa - Sharks : 0 - Pirates : 1.
12:34 of 2nd period - Bobby Farnham wins face-off versus Ryan Craig in neutral zone.
13:11 of 2nd period - Slapshot by Patrick McNeill.
13:11 of 2nd period - Shot Blocked by Aaron Rome.
13:13 of 2nd period - Slapshot by Patrick McNeill.
13:13 of 2nd period - Stopped by Malcolm Subban with a rebound.
13:29 of 2nd period - Wrist shot by Alexandre Bolduc.
13:29 of 2nd period - Stopped by Malcolm Subban with a rebound.
13:31 of 2nd period - Slapshot by Brendan Mikkelson.
13:31 of 2nd period - Stopped by Malcolm Subban with a rebound.
13:33 of 2nd period - Slapshot by Mark Barberio.
13:33 of 2nd period - Deflect By Alexandre Bolduc.
13:33 of 2nd period - Shot Misses the Net.
13:33 of 2nd period - Puck is out of play.
13:34 of 2nd period - Brandon Segal wins face-off versus Alexandre Bolduc in Pirates zone.
13:47 of 2nd period - Wrist shot by Gilbert Brule.
13:47 of 2nd period - Stopped by Dov Grumet-Morris with a rebound.
14:29 of 2nd period - Wrist shot by Luke Glendening.
14:29 of 2nd period - Stopped by Malcolm Subban with a rebound.
14:31 of 2nd period - Slapshot by Luke Glendening.
14:31 of 2nd period - Shot Misses the Net.
14:33 of 2nd period - Wrist shot by Alexandre Bolduc.
14:33 of 2nd period - Stopped by Malcolm Subban without a rebound.
14:34 of 2nd period - Alexandre Bolduc wins face-off versus Bobby Butler in Pirates zone.
14:50 of 2nd period - Wade Brookbank beats up David Steckel.
14:50 of 2nd period - Penalty to David Steckel for Fighting.
14:50 of 2nd period - Penalty to Wade Brookbank for Fighting.
14:51 of 2nd period - Bobby Butler wins face-off versus Bobby Farnham in neutral zone.
14:54 of 2nd period - Brendan Mikkelson is hit by Eric Tangradi and loses puck.
15:33 of 2nd period - Markus Granlund is hit by David van der Gulik.
15:43 of 2nd period - Markus Granlund is hit by Tom Kostopoulos and loses puck.
16:16 of 2nd period - Slapshot by Nick Johnson.
16:16 of 2nd period - Stopped by Dov Grumet-Morris with a rebound.
16:18 of 2nd period - Slapshot by Aaron Rome.
16:18 of 2nd period - Shot Misses the Net.
16:20 of 2nd period - Snap shot by Ryan Stoa.
16:20 of 2nd period - Shot Misses the Net.
16:22 of 2nd period - Slapshot by Aaron Rome.
16:22 of 2nd period - Stopped by Dov Grumet-Morris without a rebound.
16:23 of 2nd period - Andrew Ebbett wins face-off versus Nick Johnson in Sharks zone.
18:42 of 2nd period - Joey Mormina is hit by Brandon Segal and loses puck.
18:53 of 2nd period - Gilbert Brule is hit by Joey Mormina and loses puck.
19:10 of 2nd period - Alexandre Bolduc is hit by Ryan Stoa and loses puck.
19:15 of 2nd period - Snap shot by Markus Granlund.
19:15 of 2nd period - Stopped by Dov Grumet-Morris without a rebound.
19:16 of 2nd period - Bobby Butler wins face-off versus Andrew Ebbett in Sharks zone.
19:17 of 2nd period - Wrist shot by Ryan Stoa.
19:17 of 2nd period - Deflect By Brendan Mikkelson.
19:17 of 2nd period - Stopped by Dov Grumet-Morris with a rebound.
Goals for this period are 0 for Sharks vs 1 for Pirates.
Shots for this period are 9 for Sharks vs 13 for Pirates.

3rd period


0:01 of 3rd period - Andrew Ebbett wins face-off versus Bobby Butler in neutral zone.
0:12 of 3rd period - Mike Komisarek is hit by Luke Glendening and loses puck.
0:31 of 3rd period - Snap shot by David Steckel.
0:31 of 3rd period - Stopped by Dov Grumet-Morris without a rebound.
0:32 of 3rd period - Louis Leblanc wins face-off versus Gilbert Brule in Sharks zone.
0:34 of 3rd period - Joey Mormina beats up Brandon Segal.
0:34 of 3rd period - Penalty to Brandon Segal for Fighting.
0:34 of 3rd period - Penalty to Joey Mormina for Fighting.
0:35 of 3rd period - Bobby Butler wins face-off versus Andrew Ebbett in neutral zone.
0:46 of 3rd period - Slapshot by Mark Barberio.
0:46 of 3rd period - Shot Blocked by Hal Gill.
1:37 of 3rd period - Wrist shot by Eric Tangradi.
1:37 of 3rd period - Shot Blocked by Louis Leblanc.
1:41 of 3rd period - Slapshot by Eric Tangradi.
1:41 of 3rd period - Stopped by Dov Grumet-Morris with a rebound.
1:43 of 3rd period - Slapshot by Aaron Rome.
1:43 of 3rd period - Stopped by Dov Grumet-Morris without a rebound.
1:44 of 3rd period - Ryan Stoa wins face-off versus Bobby Farnham in Sharks zone.
1:47 of 3rd period - Slapshot by Nick Johnson.
1:47 of 3rd period - Stopped by Dov Grumet-Morris with a rebound.
2:23 of 3rd period - Wade Brookbank is hit by Markus Granlund and loses puck.
2:33 of 3rd period - Ryan Craig beats up Mike Halmo.
2:33 of 3rd period - Penalty to Ryan Craig for Fighting.
2:33 of 3rd period - Penalty to Mike Halmo for Fighting.
2:34 of 3rd period - Ryan Stoa wins face-off versus Tom Kostopoulos in neutral zone.
2:45 of 3rd period - Snap shot by Eric Tangradi.
2:45 of 3rd period - Stopped by Dov Grumet-Morris without a rebound.
2:46 of 3rd period - Tom Kostopoulos wins face-off versus Ryan Stoa in Sharks zone.
2:46 of 3rd period - Tom Kostopoulos is hit by Eric Tangradi.
2:51 of 3rd period - Off-side.
2:52 of 3rd period - Tom Kostopoulos wins face-off versus Ryan Stoa in neutral zone.
2:59 of 3rd period - Snap shot by Andrew Ebbett.
2:59 of 3rd period - Shot Blocked by Mike Komisarek.
3:07 of 3rd period - Wrist shot by Andrew Ebbett.
3:07 of 3rd period - Stopped by Malcolm Subban with a rebound.
3:09 of 3rd period - Wrist shot by Andrew Ebbett.
3:09 of 3rd period - Shot Blocked by Mike Komisarek.
3:46 of 3rd period - Andrew Alberts is hit by Bobby Farnham and loses puck.
3:55 of 3rd period - Slapshot by Aaron Rome.
3:55 of 3rd period - Stopped by Dov Grumet-Morris without a rebound.
3:56 of 3rd period - Farm Player10 wins face-off versus Louis Leblanc in Sharks zone.
4:04 of 3rd period - Snap shot by Markus Granlund.
4:04 of 3rd period - Stopped by Dov Grumet-Morris with a rebound.
4:12 of 3rd period - Snap shot by David van der Gulik.
4:12 of 3rd period - Shot Misses the Net.
4:33 of 3rd period - Icing by Markus Granlund.
4:34 of 3rd period - Bobby Butler wins face-off versus Bobby Farnham in Pirates zone.
4:39 of 3rd period - Brendan Mikkelson is hit by Ryan Stoa and loses puck.
4:50 of 3rd period - Slapshot by David Steckel.
4:50 of 3rd period - Stopped by Dov Grumet-Morris with a rebound.
4:52 of 3rd period - Slapshot by Aaron Rome.
4:52 of 3rd period - Stopped by Dov Grumet-Morris without a rebound.
4:53 of 3rd period - Andrew Ebbett wins face-off versus Markus Granlund in Sharks zone.
4:53 of 3rd period - Andrew Ebbett is hit by Mike Komisarek.
5:05 of 3rd period - Gilbert Brule is hit by Andrew Ebbett and loses puck.
5:12 of 3rd period - Wrist shot by Luke Glendening.
5:12 of 3rd period - Shot Misses the Net.
5:14 of 3rd period - Slapshot by Alexandre Bolduc.
5:14 of 3rd period - Shot Misses the Net.
5:16 of 3rd period - Slapshot by Luke Glendening.
5:16 of 3rd period - Shot Blocked by Mike Komisarek.
5:18 of 3rd period - Snap shot by Luke Glendening.
5:18 of 3rd period - Shot Misses the Net.
5:43 of 3rd period - Wade Brookbank is hit by David Steckel and loses puck.
7:24 of 3rd period - Brendan Mikkelson is hit by Andrew Alberts and loses puck.
7:39 of 3rd period - Mark Barberio is hit by Andrew Alberts and loses puck.
8:24 of 3rd period - Slapshot by Peter Holland.
8:24 of 3rd period - Shot Blocked by Mike Halmo.
8:26 of 3rd period - Snap shot by Henrik Tommernes.
8:26 of 3rd period - Shot Blocked by Alexandre Bolduc.
9:46 of 3rd period - Snap shot by Mark Barberio.
9:46 of 3rd period - Shot Misses the Net.
10:07 of 3rd period - Snap shot by Andrew Ebbett.
10:07 of 3rd period - Shot Misses the Net.
10:09 of 3rd period - Snap shot by Wade Brookbank.
10:09 of 3rd period - Stopped by Malcolm Subban without a rebound.
10:10 of 3rd period - Bobby Butler wins face-off versus Tom Kostopoulos in Pirates zone.
10:14 of 3rd period - Icing by Mike Komisarek.
10:15 of 3rd period - Bobby Butler wins face-off versus Bobby Farnham in Pirates zone.
10:22 of 3rd period - Snap shot by Bobby Butler.
10:22 of 3rd period - Stopped by Dov Grumet-Morris with a rebound.
10:32 of 3rd period - Slapshot by Mike Halmo.
10:32 of 3rd period - Shot Misses the Net.
10:34 of 3rd period - Slapshot by Joey Mormina.
10:34 of 3rd period - Shot Blocked by Hal Gill.
10:44 of 3rd period - David van der Gulik is hit by Hal Gill and loses puck.
11:00 of 3rd period - Snap shot by Tobias Rieder.
11:00 of 3rd period - Stopped by Dov Grumet-Morris without a rebound.
11:01 of 3rd period - Andrew Ebbett wins face-off versus Ryan Craig in Sharks zone.
12:08 of 3rd period - Minor Penalty to Farm Player10 for Slashing.
12:09 of 3rd period - Andrew Ebbett wins face-off versus Bobby Butler in Pirates zone.
12:12 of 3rd period - Wrist shot by Andrew Ebbett.
12:12 of 3rd period - Shot Blocked by Hal Gill.
12:14 of 3rd period - Slapshot by Mark Barberio.
12:14 of 3rd period - Goal by Mark Barberio - Sharks : 1 - Pirates : 1.
12:15 of 3rd period - Bobby Farnham wins face-off versus Ryan Craig in neutral zone.
12:52 of 3rd period - Snap shot by Ryan Craig.
12:52 of 3rd period - Deflect By Markus Granlund.
12:52 of 3rd period - Stopped by Dov Grumet-Morris with a rebound.
13:04 of 3rd period - Mark Barberio is hit by Bobby Butler and loses puck.
13:17 of 3rd period - Snap shot by Ryan Stoa.
13:17 of 3rd period - Shot Misses the Net.
13:19 of 3rd period - Wrist shot by David Steckel.
13:19 of 3rd period - Shot Blocked by Brendan Mikkelson.
13:41 of 3rd period - Wrist shot by Eric Tangradi.
13:41 of 3rd period - Stopped by Dov Grumet-Morris with a rebound.
13:43 of 3rd period - Snap shot by Eric Tangradi.
13:43 of 3rd period - Shot Misses the Net.
14:19 of 3rd period - Snap shot by Nick Johnson.
14:19 of 3rd period - Shot Misses the Net.
14:32 of 3rd period - Slapshot by Vincent LoVerde.
14:32 of 3rd period - Stopped by Dov Grumet-Morris with a rebound.
15:11 of 3rd period - Tom Kostopoulos is hit by Markus Granlund and loses puck.
15:31 of 3rd period - Mark Barberio is hit by David Steckel and loses puck.
15:50 of 3rd period - Icing by Brendan Mikkelson.
15:51 of 3rd period - Bobby Farnham wins face-off versus Brandon Segal in Sharks zone.
15:51 of 3rd period - Bobby Farnham is hit by Brandon Segal.
16:15 of 3rd period - Hal Gill is hit by Luke Glendening and loses puck.
16:32 of 3rd period - Hal Gill is hit by Patrick McNeill and loses puck.
16:39 of 3rd period - Snap shot by Tom Kostopoulos.
16:39 of 3rd period - Shot Blocked by David Steckel.
16:53 of 3rd period - Snap shot by Andrew Ebbett.
16:53 of 3rd period - Stopped by Malcolm Subban with a rebound.
17:56 of 3rd period - Wrist shot by Gilbert Brule.
17:56 of 3rd period - Deflect By Louis Leblanc.
17:56 of 3rd period - Shot Blocked by Wade Brookbank.
17:56 of 3rd period - Puck is out of play.
17:57 of 3rd period - Bobby Farnham wins face-off versus Brandon Segal in Sharks zone.
18:33 of 3rd period - Andrew Ebbett is hit by Brandon Segal and loses puck.
19:01 of 3rd period - Snap shot by Alexandre Bolduc.
19:01 of 3rd period - Stopped by Malcolm Subban with a rebound.
19:51 of 3rd period - Nick Johnson is hit by Alexandre Bolduc and loses puck.
Goals for this period are 1 for Sharks vs 0 for Pirates.
Shots for this period are 5 for Sharks vs 14 for Pirates.

Overtime #1


0:01 of 1st overtime period - Luke Glendening wins face-off versus Gilbert Brule in neutral zone.
0:13 of 1st overtime period - Slapshot by Mike Komisarek.
0:13 of 1st overtime period - Stopped by Dov Grumet-Morris without a rebound.
0:14 of 1st overtime period - Luke Glendening wins face-off versus Gilbert Brule in Sharks zone.
0:19 of 1st overtime period - Slapshot by Mark Barberio.
0:19 of 1st overtime period - Deflect By Hal Gill.
0:19 of 1st overtime period - Stopped by Malcolm Subban with a rebound.
0:27 of 1st overtime period - Slapshot by Mike Komisarek.
0:27 of 1st overtime period - Shot Blocked by Mark Barberio.
0:29 of 1st overtime period - Snap shot by Ryan Stoa.
0:29 of 1st overtime period - Shot Misses the Net.
0:31 of 1st overtime period - Slapshot by Mike Komisarek.
0:31 of 1st overtime period - Deflect By Gilbert Brule.
0:31 of 1st overtime period - Shot Hit the Post.
0:31 of 1st overtime period - Puck is out of play.
0:32 of 1st overtime period - Luke Glendening wins face-off versus Gilbert Brule in Sharks zone.
0:55 of 1st overtime period - Snap shot by Gilbert Brule.
0:55 of 1st overtime period - Stopped by Dov Grumet-Morris with a rebound.
1:17 of 1st overtime period - Wrist shot by Tom Kostopoulos.
1:17 of 1st overtime period - Deflect By Luke Glendening.
1:17 of 1st overtime period - Stopped by Malcolm Subban with a rebound.
1:19 of 1st overtime period - Wrist shot by Luke Glendening.
1:19 of 1st overtime period - Shot Blocked by Mike Komisarek.
1:38 of 1st overtime period - Off-side.
1:39 of 1st overtime period - Gilbert Brule wins face-off versus Tom Kostopoulos in neutral zone.
1:50 of 1st overtime period - Vincent LoVerde is hit by Luke Glendening and loses puck.
2:27 of 1st overtime period - Wrist shot by Markus Granlund.
2:27 of 1st overtime period - Stopped by Dov Grumet-Morris with a rebound.
2:29 of 1st overtime period - Wrist shot by Vincent LoVerde.
2:29 of 1st overtime period - Stopped by Dov Grumet-Morris with a rebound.
2:31 of 1st overtime period - Slapshot by Hal Gill.
2:31 of 1st overtime period - Deflect By Eric Tangradi.
2:31 of 1st overtime period - Shot Blocked by Brendan Mikkelson.
2:31 of 1st overtime period - Puck is out of play.
2:32 of 1st overtime period - Luke Glendening wins face-off versus Gilbert Brule in Sharks zone.
2:47 of 1st overtime period - Slapshot by Gilbert Brule.
2:47 of 1st overtime period - Shot Blocked by Patrick McNeill.
2:49 of 1st overtime period - Slapshot by Hal Gill.
2:49 of 1st overtime period - Shot Blocked by Joey Mormina.
2:51 of 1st overtime period - Slapshot by Hal Gill.
2:51 of 1st overtime period - Shot Misses the Net.
3:14 of 1st overtime period - Alexandre Bolduc is hit by Hal Gill and loses puck.
3:23 of 1st overtime period - Hal Gill is hit by Brendan Mikkelson and loses puck.
4:31 of 1st overtime period - Backhand shot by Ryan Stoa.
4:31 of 1st overtime period - Shot Blocked by Patrick McNeill.
4:33 of 1st overtime period - Slapshot by Mike Komisarek.
4:33 of 1st overtime period - Deflect By Ryan Stoa.
4:33 of 1st overtime period - Stopped by Dov Grumet-Morris with a rebound.
4:53 of 1st overtime period - Snap shot by Markus Granlund.
4:53 of 1st overtime period - Shot Blocked by Tom Kostopoulos.
Goals for this period are 0 for Sharks vs 0 for Pirates.
Shots for this period are 2 for Sharks vs 5 for Pirates.

ShootOut


5:00 of 1st overtime period - Penalty Shot by Luke Glendening for Sharks.
5:00 of 1st overtime period - Backhand shot by Luke Glendening.
5:00 of 1st overtime period - Shot Misses the Net.
5:00 of 1st overtime period - Penalty Shot by Ryan Craig for Pirates.
5:00 of 1st overtime period - Wrist shot by Ryan Craig.
5:00 of 1st overtime period - Stopped by Dov Grumet-Morris.
5:00 of 1st overtime period - Penalty Shot by Tom Kostopoulos for Sharks.
5:00 of 1st overtime period - Deke by Tom Kostopoulos.
5:00 of 1st overtime period - Goal by Tom Kostopoulos.
5:00 of 1st overtime period - Penalty Shot by Ryan Stoa for Pirates.
5:00 of 1st overtime period - Deke by Ryan Stoa.
5:00 of 1st overtime period - Stopped by Dov Grumet-Morris.
5:00 of 1st overtime period - Penalty Shot by Andrew Ebbett for Sharks.
5:00 of 1st overtime period - Wrist shot by Andrew Ebbett.
5:00 of 1st overtime period - Goal by Andrew Ebbett.


Output by the SimonT Hockey Simulator (STHS) for Eric Dolegowski -- Original Page W3C XHTML 1.0 Valid
Hockey Simulator - Hockey Simulation - Hockey Manager